 Dungeon Crawl Stone Soup version 0.21-a0-153-g78480df (webtiles) character file.

28 Moloch the Chopper (level 3, 27/27 HPs)
             Began as a Demonspawn Gladiator on July 31, 2017.
             Quit the game on level 2 of the Dungeon.
             The game lasted 00:01:13 (836 turns).

Moloch the Chopper (Demonspawn Gladiator)            Turns: 836, Time: 00:01:14

Health: 27/27      AC:  5    Str: 14    XL:     3   Next: 0%
Magic:  3/3        EV: 12    Int:  9    God:
Gold:   31         SH:  0    Dex: 15    Spells: 2/2 levels left

rFire    . . .     SeeInvis .   a - +0 war axe
rCold    . . .     Gourm    .   (no shield)
rNeg     . . .     Faith    .   b - +0 leather armour
rPois    .         Spirit   +   c - +0 helmet
rElec    .         Reflect  .   (no cloak)
rCorr    .         Harm     .   e - +0 pair of gloves (curse)
MR       .....                  (no boots)
Stlth    +.........             (no amulet)
HPRegen  0.09/turn              (no ring)
MPRegen  0.08/turn              (no ring)

@: no status effects
A: magic shield, rot immunity
a: no special abilities


You were on level 2 of the Dungeon.
You were not hungry.

You visited 1 branch of the dungeon, and saw 2 of its levels.

You collected 31 gold pieces.

Inventory:

Hand Weapons
 a - a +0 war axe (weapon)
Missiles
 d - 3 throwing nets (quivered)
Armour
 b - a +0 leather armour (worn)
 c - a +0 helmet (worn)
 e - a cursed +0 pair of gloves (worn)
Scrolls
 k - a scroll of identify {unknown}
 m - a scroll of blinking {unknown}
 n - 3 scrolls of remove curse {unknown}
 o - 2 scrolls of recharging {unknown}
 p - 2 scrolls of fear {unknown}
 q - a scroll of random uselessness {unknown}
Potions
 h - a potion of degeneration {unknown}
 i - 2 potions of heal wounds {unknown}
 l - a potion of curing {unknown}
 r - 2 potions of magic {unknown}
Comestibles
 f - 2 bread rations
 g - 2 chunks of flesh
 j - a fruit


   Skills:
 + Level 2.1 Fighting
 * Level 3.7 Axes
 - Level 1.7 Throwing
 - Level 2.6 Dodging


You had 2 spell levels left.
You didn't know any spells.

Dungeon Overview and Level Annotations

Branches:
Dungeon (2/15)

Altars:


Innate Abilities, Weirdness & Mutations

When hurt, damage is shared between your health and your magic reserves.
You are immune to rotting.


Message History

The bat hits you but does no damage. The bat misses you.
You hit the bat.
The bat is moderately wounded.
The bat misses you. The bat hits you but does no damage.
The bat hits you but does no damage. x2
Some of the chunks of flesh in your inventory have rotted away.
You completely miss the bat. The bat hits you but does no damage.
The bat barely misses you. The bat closely misses you.
You slash the bat!
You kill the bat!
You have reached level 3!
Your experience leads to an increase in your attributes!
Increase (S)trength, (I)ntelligence, or (D)exterity?
You feel agile.
Your demonic ancestry asserts itself...
You feel immune to rotting.
You see here a bat corpse.
You butcher the bat corpse.
g - 2 chunks of flesh (gained 1) Are you sure you want to abandon this character and quit the game? (Confirm with "yes".)

########
#......#########
#..............#
#..#.###.###.#.#
#..#.#.....#.#.#
#..###.#.#.###.#
#.............@#
#..###.#.#.###..#
###..#...#.#...#..#
.....#.###.###.#..#
...#......... ....#
##.##...#####..##.#
##.###.......... .#
......#####.#### ##
#.........#.#


There were no monsters in sight!

Vanquished Creatures
  A worm (D:2)
  7 bats
  2 giant cockroaches (D:1)
  2 goblins (D:1)
  3 hobgoblins
  3 frilled lizards (D:1)
  4 kobolds (D:1)
  2 rats
24 creatures vanquished.

Notes
Turn   | Place    | Note
-------+----------+-------------------------------------------
     0 | D:1      | Moloch the Demonspawn Gladiator began the quest for the Orb.
     0 | D:1      | Reached XP level 1. HP: 16/16 MP: 1/1
   140 | D:1      | Reached skill level 3 in Axes
   212 | D:1      | Gained mutation: When hurt, damage is shared between your health and your magic reserves. [demonic ancestry]
   212 | D:1      | Reached XP level 2. HP: 22/22 MP: 2/2
   830 | D:2      | Gained mutation: You are immune to rotting. [demonic ancestry]
   830 | D:2      | Reached XP level 3. HP: 26/27 MP: 3/3
   836 | D:2      | Quit the game

Vault maps used:
D:1:      lemuel_arrival_tunnels
D:2:      first_bread, minmay_misc_feat_roman, hex_tiny, minmay_tetromino_s4,
          uniq_natasha

Skill      XL: |  1 |
---------------+----+-----
Axes           | 3 |  3.7
Fighting       | |  2.1
Throwing       | |  1.7
Dodging        | |  2.6

Action                   || total
-------------------------++-------
Melee: War axe           ||    66
 Stab: Sleeping          ||     4
Armor: Leather armour    ||    38
Dodge: Dodged            ||    61
